 Dungeon Crawl Stone Soup version 0.29-a0-817-g9904bce7a6 (webtiles) character file.

Game seed: 13243565088134142601

823 nxtlvl the Chopper (level 7, -1/67 HPs)
             Began as a Naga Gladiator on July 5, 2022.
             Slain by a gnoll sergeant
             ... wielding a +0 trident
              (7 damage)
             ... on level 6 of the Dungeon.
             The game lasted 00:15:35 (1554 turns).

nxtlvl the Chopper (Naga Gladiator)                 Turns: 1554, Time: 00:15:36

Health: -1/67      AC: 10    Str: 18    XL:     7   Next: 96%
Magic:  7/7        EV:  3    Int: 15    God:
Gold:   134        SH:  0    Dex: 12    Spells: 6/6 levels left

rFire   . . .      SeeInvis +   a - +0 war axe
rCold   . . .      Faith    .   (no shield)
rNeg    . . .      Spirit   .   A - +0 plate armour
rPois   +          Reflect  .   C - +0 helmet
rElec   .          Harm     .   B - +0 cloak
rCorr   .          Rampage  .   D - +0 pair of gloves
Will    .....                   (no barding)
Stlth   ..........              z - amulet of regeneration
HPRegen 1.01/turn               o - +6 ring of intelligence
MPRegen 0.10/turn               (no ring)

@: hasted, quick
A: AC +2, large, see invisible, deformed body, poison resistance, slowness 2,
spit poison 1, naga tail 1
a: Spit Poison


You were on level 6 of the Dungeon.
You visited 1 branch of the dungeon, and saw 6 of its levels.

You collected 134 gold pieces.

Inventory:

Hand Weapons
 a - a +0 war axe (weapon)
 b - a +0 vampiric whip
Missiles
 d - a throwing net (quivered)
 e - a javelin
Armour
 p - a +2 robe of willpower
 u - a +1 leather armour of fire resistance
 A - a +0 plate armour (worn)
 B - a +0 cloak (worn)
 C - a +0 helmet (worn)
 D - a +0 pair of gloves (worn)
Jewellery
 o - a +6 ring of intelligence (left hand)
 z - an amulet of regeneration (around neck)
Wands
 c - a wand of roots (8)
 n - a wand of charming (6)
 q - a wand of flame (3)
Scrolls
 f - 2 scrolls of vulnerability
 i - a scroll of amnesia {unknown}
 j - a scroll of poison {unknown}
 k - a scroll of blinking {unknown}
 m - 2 scrolls of fear {unknown}
 r - a scroll of silence {unknown}
 s - 2 scrolls of teleportation {unknown}
 t - a scroll of fog {unknown}
Potions
 g - 2 potions of curing
 h - a potion of cancellation
 l - 2 potions of mutation
 v - a potion of might
 w - a potion of invisibility {unknown}
 x - a potion of haste


   Skills:
 + Level 5.3 Fighting
 * Level 7.7 Axes
 - Level 1.7 Throwing
 - Level 2.4 Dodging


You had 6 spell levels left.
You didn't know any spells.
Your spell library was empty.

Dungeon Overview and Level Annotations

Branches:
Dungeon (6/15)
 Temple: D:4-7

Altars:
Nemelex Xobeh
Uskayaw
Xom

Annotations:
D:5 Menkaure


Innate Abilities, Weirdness & Mutations

Your serpentine skin is tough. (AC +2)
You have supernaturally acute eyesight. (SInv)
Armour fits poorly on your strangely shaped body.
Your system is resistant to poisons. (rPois)
You cover ground very slowly.
You can spit poison.
You have a snake-like lower body.


Message History

The gnoll hits you with a +0 flail. The gnoll hits you but does no damage.
The gnoll hits you with a +0 club.
You see here a +0 halberd.
You hit the gnoll.
The gnoll is severely wounded.
You closely miss the gnoll.
You hit the gnoll sergeant but do no damage.
You have got your breath back.
The gnoll hits you but does no damage. The gnoll hits you with a +0 club.
The gnoll sergeant hits you with a +0 trident.
You feel yourself speed up. The gnoll hits you with a +0 flail.
The gnoll hits you but does no damage.
The gnoll sergeant hits you with a +0 trident.
You slash the gnoll!
You kill the gnoll!
You hit the gnoll but do no damage. You barely miss the gnoll sergeant.
The gnoll barely misses you.
The gnoll hits you from afar with a +0 halberd.
The gnoll sergeant hits you with a +0 trident!
You closely miss the gnoll. You hit the gnoll but do no damage.
You slash the gnoll sergeant! You barely miss the gnoll sergeant.
The gnoll sergeant is moderately wounded.
You hit the gnoll but do no damage. You slash the gnoll!
You kill the gnoll!
The gnoll hits you but does no damage.
The gnoll hits you from afar with a +0 halberd.
The gnoll sergeant hits you but does no damage.
The gnoll hits you but does no damage. The gnoll hits you with a +0 halberd.
The gnoll sergeant hits you with a +0 trident.
* * * LOW HITPOINT WARNING * * *
You barely miss the gnoll sergeant.
The gnoll sergeant is moderately wounded.
You closely miss the gnoll. You barely miss the gnoll.
The gnoll hits you with a +0 club.
* * * LOW HITPOINT WARNING * * *
The gnoll hits you with a +0 halberd!
* * * LOW HITPOINT WARNING * * *
The gnoll sergeant hits you with a +0 trident!
You die...

#######.........
#.........
#.........
#....#####
#....# #....#
#.)..# #)g..#
#g@..# #.g..#
#....# #....#
#....# #....#
#....# +....#


You could see a gnoll sergeant and 2 gnolls.

Vanquished Creatures
  Grinder (D:3)
  A bullfrog (D:6)
  A necrophage (D:6)
  A scorpion (D:6)
  A howler monkey (D:4)
  2 hounds
  2 orc priests
  Jessica (D:3)
  Ijyb (D:3)
  3 iguanas
  An orc wizard (D:5)
  3 gnolls (D:6)
  6 adders
  An ufetubus (D:6)
  3 dart slugs
  11 orcs
  An endoplasm (D:4)
  A giant cockroach (D:3)
  A goblin (D:3)
  A hobgoblin (D:2)
  2 jackals (D:3)
  A quokka (D:3)
  3 ball pythons
  3 bats
  2 frilled lizards (D:1)
  5 kobolds
  2 rats (D:3)
61 creatures vanquished.

Notes
Turn   | Place    | Note
-------+----------+-------------------------------------------
     0 | D:1      | nxtlvl the Naga Gladiator began the quest for the Orb.
     0 | D:1      | Reached XP level 1. HP: 19/19 MP: 1/1
   100 | D:2      | Reached XP level 2. HP: 11/26 MP: 2/2
   143 | D:3      | Noticed Jessica
   426 | D:2      | Reached XP level 3. HP: 33/33 MP: 3/3
   476 | D:2      | Reached skill level 4 in Axes
   593 | D:3      | Killed Jessica
   594 | D:3      | Reached XP level 4. HP: 40/40 MP: 4/4
   666 | D:3      | Noticed Ijyb
   713 | D:3      | Killed Ijyb
   793 | D:3      | Reached XP level 5. HP: 49/49 MP: 5/5
   803 | D:3      | Reached skill level 5 in Axes
   819 | D:3      | Found a sparkling altar of Nemelex Xobeh.
   835 | D:3      | Found a shimmering altar of Xom.
   841 | D:3      | Noticed Grinder
   881 | D:3      | Paralysed by Grinder for 5 turns
   890 | D:3      | Killed Grinder
   891 | D:3      | Reached skill level 6 in Axes
   891 | D:3      | Reached XP level 6. HP: 52/57 MP: 6/6
  1089 | D:5      | Entered Level 5 of the Dungeon
  1089 | D:5      | Noticed Menkaure
  1161 | D:4      | Reached XP level 7. HP: 55/66 MP: 7/7
  1356 | D:6      | Found a hide-covered altar of Uskayaw.
  1384 | D:6      | Reached skill level 7 in Axes
  1390 | D:6      | Reached skill level 5 in Fighting
  1554 | D:6      | Slain by a gnoll sergeant

Illustrated notes

Levels and vault maps discovered:
D:1:      lightli_arrival_flooded_house, layout_loops_cross, serial_shops,
          nicolae_lakefront_shop, nicolae_square_shop, nicolae_shop_stone,
          corner_web_ring, minmay_box_of_dots
D:2:      minmay_evil_eye, layout_loops_corners,
          ebering_ecumenical_altar_sacrificial, basic_altar, grunt_ministairs_9
D:3:      layout_loops_ring, nicolae_overflow_squiral, uniq_grinder,
          uniq_jessica, uniq_ijyb
D:4:      layout_cave_pools, kennysheep_generic_room_3
D:5:      layout_gridville, minmay_temple_entry_antechambers,
          uniq_crazy_yiuf_cottage, uniq_menkaure
D:6:      layout_gridville, kennysheep_mini, portal_sewer_entry_e

Skill      XL: |  1  2  3  4  5  6  7 |
---------------+----------------------+-----
Axes           | 4 6 7 |  7.7
Fighting       | 3 4 5 |  5.3
Throwing       | |  1.7
Dodging        | |  2.4

Action                   |  1- 3 |  4- 6 |  7- 9 || total
-------------------------+-------+-------+-------++-------
Melee: War axe           |    18 |    81 |    59 ||   158
       Whip              |     9 |       |       ||     9
Throw: Throwing net      |       |     3 |       ||     3
 Abil: Spit Poison       |    21 |    10 |     4 ||    35
Evoke: Wand              |       |     1 |       ||     1
  Use: Scroll            |       |     5 |     2 ||     7
       Potion            |       |       |     1 ||     1
Armor: Leather armour    |     3 |       |       ||     3
       Plate armour      |    17 |    37 |    63 ||   117
Dodge: Dodged            |     9 |     9 |    10 ||    28

Table legend: (Time is in decaauts)
 A = Elapsed time spent in this place.
 B = Non-inter-level travel time spent in this place.
 C = Inter-level travel time spent in this place.
 D = Time resting spent in this place.
 E = Time spent auto-exploring this place.
 F = Levels seen in this place.
 G = Mean time per level.
                   A        B        C        D        E       F      G
               +--------+--------+--------+--------+--------+-----+--------+
         Total |   2026 |   1949 |     77 |      0 |     15 |   6 |  337.7 |
       Dungeon |   2026 |   1949 |     77 |      0 |     15 |   6 |  337.7 |
               +--------+--------+--------+--------+--------+-----+--------+

Top non-repeatable levels by time:
     D:3: 541 daAuts
     D:2: 493 daAuts
     D:4: 449 daAuts
     D:6: 376 daAuts
     D:1: 110 daAuts
     D:5: 53 daAuts
